 Dungeon Crawl Stone Soup version 0.19.1 (webtiles) character file.

790 Haldmier the Transmogrifier (level 7, -5/57 HPs)
             Began as a Naga Transmuter on Dec 6, 2016.
             Slain by a centaur
             ... wielding a +0 war axe
              (22 damage)
             ... on level 5 of the Dungeon.
             The game lasted 00:27:07 (7537 turns).

Haldmier the Transmogrifier (Naga Transmuter)       Turns: 7537, Time: 00:27:08

Health: -5/57      AC:  3    Str: 12    XL:     7   Next: 87%
Magic:  8/10       EV: 19    Int: 15    God:
Gold:   153        SH:  0    Dex: 17    Spells: 3 memorised, 4 levels left

rFire  . . .     SeeInvis +       - Unarmed
rCold  . . .     Gourm    .     (armour currently unavailable)
rNeg   . . .     Faith    .     (shield currently unavailable)
rPois  x         Spirit   .     (helmet currently unavailable)
rElec  .         Reflect  .     (cloak currently unavailable)
rCorr  .         Harm     .     (gloves currently unavailable)
MR     .....                    (no barding)
Stlth  ++........               H - amulet of magic regeneration
                                (no ring)
                                w - +1 ring of protection

@: spider-form (expiring)
A: see invisible, (deformed body), (poison resistance), (slowness 0), slow
metabolism 1, spit poison 1, AC +2
a: Spit Poison, End Transformation


You were on level 5 of the Dungeon.
You were not hungry.
You were a venomous arachnid creature.
You visited 1 branch of the dungeon, and saw 5 of its levels.

You collected 153 gold pieces.

Inventory:

Hand Weapons
 n - a +0 halberd
 G - a +0 shortbow
 K - a +0 dagger of speed
Missiles
 a - 107 arrows
 e - 282 stones (quivered)
 v - 17 sling bullets
Armour
 b - a +0 robe (melded)
 f - a +0 hat (melded)
 z - a +0 cloak (melded)
 D - a +0 helmet
 I - a +0 shield
Jewellery
 u - an uncursed amulet of faith
 w - a +1 ring of protection (left front leg)
 H - an amulet of magic regeneration (around neck)
Scrolls
 h - 3 scrolls of teleportation {unknown}
 i - 4 scrolls of remove curse {unknown}
 j - 4 scrolls of identify {unknown}
 o - 3 scrolls of enchant weapon {unknown}
 p - 2 scrolls of enchant armour {unknown}
 t - a scroll of amnesia {unknown}
 C - a scroll of immolation {unknown}
 E - a scroll of fog {unknown}
Potions
 g - 3 potions of flight {unknown}
 l - a potion of invisibility {unknown}
 q - a potion of agility {unknown}
 r - 2 potions of degeneration {unknown}
 s - a potion of mutation {unknown}
 A - 2 potions of cure mutation {unknown}
 F - a potion of haste {unknown}
Books
 c - a book of Changes

   Spells                             Type                      Level
   a - Beastly Appendage              Transmutation                1
   b - Sticks to Snakes               Transmutation                2
   c - Spider Form                    Transmutation/Poison         3
   d - Ice Form                       Ice/Transmutation            4
   e - Blade Hands                    Transmutation                5
 y - a book of Misfortune

   Spells                             Type                      Level
   a - Confusing Touch                Hexes                        1
   b - Confuse                        Hexes                        3
   c - Gell's Gravitas                Hexes/Translocation          3
   d - Petrify                        Transmutation/Earth          4
   e - Metabolic Englaciation         Hexes/Ice                    5
   f - Yara's Violent Unravelling     Hexes/Transmutation          5
Comestibles
 d - 3 bread rations
 k - 3 royal jellies
 m - a meat ration
 x - a slice of pizza
 B - a beef jerky


   Skills:
 - Level 1.0 Fighting
 - Level 1.5 Dodging
 - Level 3.0 Unarmed Combat
 - Level 2.0 Spellcasting
 + Level 8.8 Transmutations


You had 4 spell levels left.
You knew the following spells:

 Your Spells              Type           Power        Failure   Level  Hunger
a - Beastly Appendage     Tmut           ####..       4%          1    #......
b - Sticks to Snakes      Tmut           ####....     4%          2    ###....
c - Spider Form           Tmut/Pois      ##........   32%         3    ###....


Dungeon Overview and Level Annotations

Branches:
Dungeon (5/15)
 Temple: D:4-7

Altars:
Gozag
Okawaru

Annotations:
D:4 Phantom


Innate Abilities, Weirdness & Mutations

You cannot wear boots.
((Your serpentine skin is tough. (AC +2)))
You have supernaturally acute eyesight. (SInv)
((Armour fits poorly on your strangely shaped body.))
((Your system is resistant to poisons. (rPois)))
((You cover ground very slowly.))
You have a slow metabolism.
You can spit poison.


Message History

The worker ant bites you but does no damage.
You bite the worker ant!
The worker ant looks as sick as possible!
The worker ant is heavily wounded.
You kill the worker ant!
The centaur hits you with a war axe!!
You take 22 damage, and have 35/57 hp.
MASSIVE DAMAGE!!
You hit the centaur.
The centaur is poisoned.
The centaur is lightly wounded.
Your transformation is almost over.
The centaur completely misses you. The centaur barely misses you.
You hit the centaur but do no damage.
The centaur looks as sick as possible!
The centaur is lightly wounded.
The centaur hits you with a war axe! The centaur hits you with a war axe.
* * * LOW HITPOINT WARNING * * *
You take 18 damage, and have 17/57 hp.
MASSIVE DAMAGE!!
You barely miss the centaur.
The centaur is lightly wounded.
The centaur hits you with a war axe!!
You die...

###### ##### #.....
#...# ####.# #.#.# #.#
#.#.# ####### #.# #.#.#
#.....# #.# .
#.#.###.....####..
..#s#...'.....+...##
.....Sc.....#.....###.##
........................
.............########.##
.............# #.##
.....####'##.# ######...
.....####....###...#####
..............##.#.#####
.........##........


You could see a centaur (berserk) and an adder.

Vanquished Creatures
  A sky beast (D:5)
  An ogre (D:4)
  A centaur (D:5)
  2 howler monkeys
  A bullfrog skeleton (D:4)
  An orc priest (D:5)
  An orc wizard (D:3)
  4 worker ants
  A hound skeleton (D:5)
  2 worker ant zombies (D:4)
  2 gnolls
  9 adders
  An ooze (D:2)
  A worm (D:4)
  3 dart slugs
  4 leopard geckos
  8 orcs
  4 ball pythons
  12 bats
  5 giant cockroaches
  13 goblins
  12 hobgoblins
  8 jackals
  2 quokkas
  A jackal skeleton (D:4)
  A jackal zombie (D:5)
  7 kobolds
  A quokka skeleton (D:4)
  13 rats
122 creatures vanquished.

Notes
Turn   | Place    | Note
-------+----------+-------------------------------------------
     0 | D:1      | Haldmier the Naga Transmuter began the quest for the Orb.
     0 | D:1      | Reached XP level 1. HP: 18/18 MP: 3/3
   300 | D:1      | Reached XP level 2. HP: 25/25 MP: 5/5
   458 | D:1      | Reached skill level 3 in Transmutations
  1113 | D:1      | Reached XP level 3. HP: 31/31 MP: 4/6
  1749 | D:1      | Reached skill level 4 in Transmutations
  1970 | D:1      | Learned a level 2 spell: Sticks to Snakes
  1974 | D:1      | Learned a level 3 spell: Spider Form
  2198 | D:2      | Reached XP level 4. HP: 37/38 MP: 5/7
  3271 | D:3      | Reached skill level 5 in Transmutations
  3271 | D:3      | Reached XP level 5. HP: 44/44 MP: 3/8
  3889 | D:3      | Found an iron altar of Okawaru.
  3889 | D:3      | Found an opulent altar of Gozag.
  4694 | D:3      | Reached skill level 6 in Transmutations
  4694 | D:3      | Reached XP level 6. HP: 34/51 MP: 7/9
  5330 | D:5      | Entered Level 5 of the Dungeon
  5337 | D:5      | Noticed a sky beast
  5388 | D:5      | Killed a sky beast
  5602 | D:4      | Reached skill level 7 in Transmutations
  5681 | D:4      | Reached XP level 7. HP: 31/57 MP: 7/10
  6525 | D:5      | Reached skill level 8 in Transmutations
  7537 | D:5      | Slain by a centaur

Skill      XL: |  1  2  3  4  5  6  7 |
---------------+----------------------+-----
Transmutations | 3 4 5 6 7 8 |  8.8
Fighting       | |  1.0
Dodging        | |  1.5
Unarmed Combat | |  3.0
Spellcasting   | |  2.0

Action                   |  1- 3 |  4- 6 |  7- 9 || total
-------------------------+-------+-------+-------++-------
Melee: Unarmed           |   117 |   228 |   142 ||   487
       Headbutt          |    10 |    27 |    13 ||    50
       Punch             |     2 |     4 |       ||     6
 Fire: Shortbow          |       |       |     1 ||     1
Throw: Stone             |     4 |     3 |     1 ||     8
 Cast: Beastly Appendage |    28 |    41 |    14 ||    83
       Spider Form       |       |     3 |    12 ||    15
 Abil: Spit Poison       |    10 |    13 |     7 ||    30
  Eat: Chunk             |     4 |    11 |     7 ||    22
Armor: Robe              |    34 |    43 |    24 ||   101
       Skin              |       |     2 |     7 ||     9
Dodge: Dodged            |    62 |   111 |    83 ||   256
